 Dungeon Crawl Stone Soup version 0.21.1-1-g345015f (webtiles) character file.

1839 Lapis the Digger (level 9, -1/68 HPs)
             Began as a Naga Earth Elementalist on Feb 14, 2018.
             Was an Initiate of Cheibriados.
             Slain by Autsider's ghost (12 damage)
             ... on level 7 of the Dungeon.
             The game lasted 00:17:35 (10096 turns).

Lapis the Digger (Naga Earth Elementalist)         Turns: 10096, Time: 00:17:36

Health: -1/68      AC: 10    Str: 11    XL:     9   Next: 11%
Magic:  11/17      EV:  9    Int: 21    God:    Cheibriados [......]
Gold:   225        SH:  5    Dex: 12    Spells: 1/19 levels left

rFire    . . .     SeeInvis +   i - +0 dagger
rCold    . . .     Gourm    .   a - +0 buckler
rNeg     . . .     Faith    .   w - +3 leather armour
rPois    +         Spirit   .   (no helmet)
rElec    .         Reflect  .   (no cloak)
rCorr    .         Harm     .   q - +1 pair of gloves
MR       +....                  (no barding)
Stlth    ++........             (no amulet)
HPRegen  0.21/turn              y - ring of wizardry
MPRegen  0.15/turn              (no ring)

@: very slow
A: large, see invisible, deformed body, poison resistance, slowness 2, slow
metabolism 1, spit poison 1, AC +3
a: Spit Poison, Bend Time, Renounce Religion


You were on level 7 of the Dungeon.
You worshipped Cheibriados.
Cheibriados was noncommittal.
You were hungry.

You visited 2 branches of the dungeon, and saw 8 of its levels.
You also visited: Ossuary.

You collected 225 gold pieces.

Inventory:

Hand Weapons
 i - a +0 dagger (weapon)
 u - a +0 blowgun
Missiles
 f - 4 throwing nets
 t - 5 curare-tipped needles
 x - 7 tomahawks of returning
 z - 14 stones (quivered)
Armour
 a - a +0 buckler (worn)
 c - a +0 robe
 q - a +1 pair of gloves (worn)
 w - a +3 leather armour (worn)
Jewellery
 y - a ring of wizardry (left hand)
Wands
 r - a wand of digging (11)
 s - a wand of clouds (7)
 v - a wand of iceblast (12)
Scrolls
 b - 2 scrolls of amnesia {unknown}
 h - 2 scrolls of blinking
 j - 3 scrolls of teleportation {unknown}
 l - 3 scrolls of identify
 m - 3 scrolls of random uselessness
 o - a scroll of remove curse
Potions
 k - a potion of haste
 n - 4 potions of curing
 p - 2 potions of flight
Books
 e - a book of Geomancy

   Spells                             Type                      Level
   a - Sandblast                      Earth                        1
   b - Passwall                       Transmutation/Earth          2
   c - Stone Arrow                    Conjuration/Earth            3
   d - Petrify                        Transmutation/Earth          4
   e - Lee's Rapid Deconstruction     Earth                        5
 g - a book of Maledictions

   Spells                             Type                      Level
   a - Corona                         Hexes                        1
   b - Ensorcelled Hibernation        Hexes/Ice                    2
   c - Confuse                        Hexes                        3
   d - Tukima's Dance                 Hexes                        3
   e - Dazzling Spray                 Conjuration/Hexes            3
Comestibles
 d - 8 rations


   Skills:
 - Level 3.0 Armour
 - Level 1.5 Dodging
 - Level 3.0 Stealth
 - Level 4.0 Shields
 + Level 5.5 Spellcasting
 * Level 3.9 Conjurations
 - Level 1.0 Transmutations
 + Level 6.4 Earth Magic
 * Level 2.8 Invocations


You had one spell level left.
You knew the following spells:

 Your Spells              Type           Power        Failure   Level  Hunger
a - Sandblast             Erth           ####..       1%          1    None
b - Passwall              Tmut/Erth      ###.......   1%          2    None
c - Stone Arrow           Conj/Erth      ####..       1%          3    ##.....
d - Petrify               Tmut/Erth      ###.....     12%         4    ####...
e - Lee's Rapid Deconstr  Erth           ####......   11%         5    #####..
f - Tukima's Dance        Hex            #.......     16%         3    ##.....


Dungeon Overview and Level Annotations

Branches:
Dungeon (7/15)             Temple (1/1) D:6

Altars:
Ashenzari
Cheibriados
Dithmenos
Elyvilon
Fedhas
Hepliaklqana
Makhleb
Nemelex Xobeh
Okawaru
Qazlal
Ru
Uskayaw
The Shining One

Shops:
D:7 :

Annotations:
D:7 Autsider's ghost, novice HOFi


Innate Abilities, Weirdness & Mutations

You cannot wear boots.
Your serpentine skin is tough. (AC +3)
You have supernaturally acute eyesight. (SInv)
Armour fits poorly on your strangely shaped body.
Your system is resistant to poisons. (rPois)
You cover ground very slowly.
You have a slow metabolism.
You can spit poison.


Message History

This rock feels extremely deep.
Autsider's ghost hits you!
Unknown command.
Unknown command.
Autsider's ghost says very slowly, "There's no hope."
Autsider's ghost hits you!
Autsider's ghost hits you but does no damage.
You feel better. Autsider's ghost hits you.
Unknown command.
The flow of time bends around you.
Cheibriados rebukes Autsider's ghost.
Autsider's ghost seems to slow down.
You feel slightly more hungry.
Cheibriados no longer slows and strengthens your metabolism.
Cheibriados lowers the support of your attributes as your movement quickens.
Autsider's ghost hits you! Autsider's ghost hits you!
* * * LOW HITPOINT WARNING * * *
Autsider's ghost is no longer moving slowly.
Autsider's ghost closely misses you. Autsider's ghost hits you!
You die...

## #. ########
. ....... #
#.###. ##.####
#. #...[.
#..... #.#
##....)###.####
#.###..#
#.....#
#@..#.#####(###
##W#...####.#
#...#......#
###...######
##.## #.# #.#
#.# #.#


You could see Autsider's ghost.

Vanquished Creatures
  The ghost of Tramtrist the Covert, a novice OpAs (D:4)
  Sigmund (D:2)
  Eustachio (D:4)
  Duvessa (D:5)
  3 ogres
  2 bullfrogs (D:6)
  Dowan (D:6)
  3 crimson imps
  A centaur zombie (Ossuary)
  2 orc priests (D:3)
  3 orc wizards
  Natasha (thrice) (D:2)
  2 worker ants (D:4)
  4 big kobold zombies (Ossuary)
  6 mummies (Ossuary)
  A hound zombie (D:5)
  A howler monkey zombie (D:6)
  A worker ant zombie (D:6)
  8 adders
  A shadow imp (D:6)
  2 oozes
  2 worms (D:2)
  3 dart slugs
  4 leopard geckos
  12 orcs
  3 giant cockroaches
  7 goblins
  6 hobgoblins
  3 jackals (D:5)
  5 kobolds (D:3)
  4 quokkas
  7 bats
  7 frilled lizards
  5 hobgoblin zombies (Ossuary)
  A jackal skeleton (D:4)
  8 rats
125 creatures vanquished.

Notes
Turn   | Place    | Note
-------+----------+-------------------------------------------
     0 | D:1      | Lapis the Naga Earth Elementalist began the quest for the Orb.
     0 | D:1      | Reached XP level 1. HP: 15/15 MP: 3/3
   351 | D:1      | Reached XP level 2. HP: 7/22 MP: 1/5
  1245 | D:2      | Learned a level 2 spell: Passwall
  1274 | D:2      | Reached XP level 3. HP: 28/28 MP: 0/6
  1280 | D:2      | Learned a level 3 spell: Stone Arrow
  1568 | D:2      | Reached skill level 4 in Earth Magic
  1683 | D:2      | Noticed Natasha
  1687 | D:2      | Killed Natasha
  1687 | D:2      | Reached XP level 4. HP: 30/36 MP: 4/8
  1757 | D:2      | Noticed Sigmund
  1772 | D:2      | Killed Sigmund
  1772 | D:2      | Reached skill level 1 in Conjurations
  1772 | D:2      | Reached skill level 5 in Earth Magic
  1772 | D:2      | Reached XP level 5. HP: 38/42 MP: 0/10
  1778 | D:2      | Learned a level 4 spell: Petrify
  1874 | D:2      | Reached XP level 6. HP: 49/49 MP: 8/11
  1990 | D:2      | Noticed Natasha
  1994 | D:2      | Killed Natasha
  2134 | D:2      | Noticed Natasha
  2136 | D:2      | Killed Natasha
  2413 | D:3      | Found a hazy altar of Hepliaklqana.
  2417 | D:3      | Found a hide-covered altar of Uskayaw.
  2418 | D:3      | Found a stormy altar of Qazlal.
  2418 | D:3      | Found a sacrificial altar of Ru.
  2418 | D:3      | Found a shattered altar of Ashenzari.
  2647 | D:3      | Found an iron altar of Okawaru.
  3908 | D:4      | Reached XP level 7. HP: 53/55 MP: 9/13
  3958 | D:4      | Found a sand-covered staircase.
  3963 | Ossuary  | Entered an ossuary
  4056 | Ossuary  | Learned a level 5 spell: Lee's Rapid Deconstruction
  4278 | Ossuary  | Reached skill level 1 in Shields
  4994 | D:5      | Entered Level 5 of the Dungeon
  5965 | D:5      | Found a sacrificial altar of Ru.
  5981 | D:5      | Reached XP level 8. HP: 62/62 MP: 1/14
  6826 | D:6      | Found a staircase to the Ecumenical Temple.
  6835 | Temple   | Entered the Ecumenical Temple
  6866 | Temple   | Became a worshipper of Cheibriados the Contemplative
  6942 | D:6      | Found a shadowy altar of Dithmenos.
  7059 | D:6      | Noticed Dowan
  7064 | D:6      | Noticed Duvessa
  7064 | D:6      | Killed Dowan
  7166 | D:5      | Killed Duvessa
  7166 | D:5      | Reached skill level 6 in Earth Magic
  7166 | D:5      | Reached skill level 1 in Invocations
  7371 | D:6      | Reached skill level 5 in Spellcasting
  8031 | D:6      | Reached skill level 1 in Armour
  8741 | D:4      | Noticed Tramtrist's ghost (novice OpAs)
  8761 | D:4      | Killed Tramtrist's ghost
  8860 | D:4      | Noticed Eustachio
  8876 | D:4      | Killed Eustachio
  8876 | D:4      | Reached XP level 9. HP: 68/68 MP: 1/17
  9441 | D:7      | Reached * piety under Cheibriados
  9443 | D:7      | Found Moyhenuy's Book Emporium.
  9469 | D:7      | Noticed Autsider's ghost (novice HOFi)
  9762 | D:6      | Learned a level 3 spell: Tukima's Dance
 10096 | D:7      | Slain by Autsider's ghost

Skill      XL: |  1  2  3  4  5  6  7  8  9 |
---------------+----------------------------+-----
Earth Magic    | 4 5 6 |  6.4
Spellcasting   | 3 4 5 |  5.5
Conjurations   | 1 2 3 |  3.9
Shields        | 4 |  4.0
Invocations    | 2 |  2.8
Armour         | 2 3 |  3.0
Dodging        | |  1.5
Stealth        | |  3.0
Transmutations | |  1.0

Action                   |  1- 3 |  4- 6 |  7- 9 || total
-------------------------+-------+-------+-------++-------
Melee: Unarmed           |    62 |       |       ||    62
       Dagger            |       |   124 |   306 ||   430
 Cast: Sandblast         |    18 |    62 |    36 ||   116
       Stone Arrow       |       |       |    53 ||    53
       Lee's Rapid Decon |       |       |     4 ||     4
       Passwall          |       |       |     5 ||     5
Invok: Bend Time         |       |       |     1 ||     1
 Abil: Spit Poison       |       |     1 |     6 ||     7
  Use: Scroll            |       |     9 |     2 ||    11
       Potion            |       |       |     2 ||     2
 Stab: Sleeping          |     6 |     2 |     3 ||    11
  Eat: Chunk             |     1 |     5 |     5 ||    11
       Ration            |       |     1 |     4 ||     5
Armor: Robe              |    12 |    62 |    63 ||   137
       Leather armour    |       |       |    59 ||    59
Dodge: Dodged            |    29 |   126 |   147 ||   302
Block: Buckler           |       |       |    52 ||    52
